 Dungeon Crawl Stone Soup version 0.27-a0-1136-g0b992a5a9d (webtiles) character file.

Game seed: 12481465691436820086

4980 voltaire321 the Covert (level 10, -3/71 HPs)
             Began as an Octopode Delver on May 5, 2021.
             Was a Believer of Dithmenos.
             Slain by a cyclops (33 damage)
             ... on level 8 of the Dungeon.
             The game lasted 00:25:20 (9481 turns).

voltaire321 the Covert (Octopode Delver)            Turns: 9481, Time: 00:25:20

Health: -3/71      AC:  1    Str: 15    XL:     10   Next: 53%
Magic:  13/13      EV: 12    Int: 14    God:    Dithmenos [**....]
Gold:   436        SH: 13    Dex: 16    Spells: 9/9 levels left

rFire    + . .     SeeInvis .   o - +0 rapier (vorpal)
rCold    . . .     Faith    .   B - +0 tower shield
rNeg     + + .     Spirit   .   (helmet restricted)
rPois    .         Reflect  .   s - amulet of the acrobat
rElec    .         Harm     .   i - +4 ring of slaying
rCorr    .         Rampage  .   a - ring "Guttaps" {rN++ Will+ Str+4}
Will     +....                  j - +4 ring of slaying
Stlth    +++++++...             v - ring of protection from fire
HPRegen  0.21/turn              (no ring)
MPRegen  0.13/turn              (no ring)
                                (no ring)
                                (no ring)

@: wreathed by umbra
A: almost no armour, amphibious, 8 rings, camouflage 1, gelatinous body 1,
(nimble swimmer 1), tentacles
a: Renounce Religion, Shadow Step


You were on level 8 of the Dungeon.
You worshipped Dithmenos.
Dithmenos was pleased with you.
You visited 2 branches of the dungeon, and saw 9 of its levels.

You collected 436 gold pieces.

Inventory:

Hand Weapons
 o - a +0 vorpal rapier (weapon)
 x - the +8 hand axe of the Wraith {vorpal, Fragile rN+ Dex+4 Stlth+}
   (You found it on level 4 of the Dungeon)

   It inflicts extra damage upon your enemies.
   It affects your dexterity (+4).
   It protects you from negative energy.
   It will be destroyed if unequipped.
   It makes you more stealthy.
Missiles
 n - 12 poisoned darts (quivered)
 t - 8 boomerangs
 u - 6 javelins
 y - 7 atropa-tipped darts
Armour
 B - a +0 tower shield (worn)
Jewellery
 a - the ring "Guttaps" (right tentacle) {rN++ Will+ Str+4}
   (You found it on level 6 of the Dungeon)

   [ring of willpower]

   It affects your strength (+4).
   It greatly protects you from negative energy.
   It increases your willpower.
 i - a +4 ring of slaying (left tentacle)
 j - a +4 ring of slaying (on tentacle)
 s - an amulet of the acrobat (around mantle)
 v - a ring of protection from fire (on tentacle)
 z - a ring of wizardry
Wands
 f - a wand of digging (3)
 m - a wand of flame (16)
 A - a wand of charming (8)
Scrolls
 b - a scroll of fog
 c - 2 scrolls of magic mapping
 d - 2 scrolls of fear
 g - 4 scrolls of identify
Potions
 e - 2 potions of haste
 h - a potion of mutation
 k - 2 potions of heal wounds
 l - a potion of brilliance
 p - a potion of cancellation
 q - 6 potions of curing
 r - 2 potions of magic
 w - 4 potions of lignification {unknown}


   Skills:
 + Level 7.5 Fighting
 + Level 7.2 Short Blades
 + Level 7.1 Dodging
 + Level 11.5 Stealth
 + Level 4.5 Shields
 + Level 4.8 Invocations


You had 9 spell levels left.
You didn't know any spells.
Your spell library was empty.

Dungeon Overview and Level Annotations

Branches:
Dungeon (8/15)             Temple (1/1) D:5            Lair (0/6) D:8

Altars:
Ashenzari
Cheibriados
Dithmenos
Hepliaklqana
Makhleb
Okawaru

Shops:
D:5 *   D:7 :


Innate Abilities, Weirdness & Mutations

You cannot wear most types of armour.
You are amphibious.
You can wear up to eight rings at the same time.
Your skin changes colour to match your surroundings (Stealth+).
Your rubbery body absorbs attacks. (AC +1, EV +1)
((You are camouflaged near water. (Stealth+)))
You have tentacles for arms and can constrict up to eight enemies at once.


Message History

Found a scale mail.
Items here: )))) [[ ÷÷÷÷÷.
A steam dragon comes into view.
A cyclops comes into view.
The steam dragon hisses angrily.
The cyclops shouts!
The cyclops throws a large rock.
The large rock hits you!!
Found an escape hatch in the floor.
The steam dragon completely misses you. You block the steam dragon's attack.
You closely miss the steam dragon. The steam dragon breathes steam at you.
The ball of steam hits you. You resist. You block the steam dragon's attack. x2
You hit the steam dragon.
The steam dragon is lightly wounded.
You block the steam dragon's attack. The steam dragon closely misses you.
You hit the steam dragon but do no damage.
The steam dragon is lightly wounded.
The steam dragon barely misses you. You block the steam dragon's attack.
You puncture the steam dragon!
The steam dragon is severely wounded.
The steam dragon closely misses you. You block the steam dragon's attack.
You hit the steam dragon. You squeeze the steam dragon.
The steam dragon is almost dead.
The steam dragon closely misses you. x2
The steam dragon breathes steam at you. The ball of steam hits you. You resist.
You puncture the steam dragon!
You kill the steam dragon!
Dithmenos accepts your kill. You block the cyclops's attack.
The cyclops completely misses you.
You puncture the cyclops!
The cyclops is moderately wounded.
The cyclops completely misses you.
You hit the cyclops. You squeeze the cyclops!
The cyclops is severely wounded.
The cyclops hits you!
You puncture the cyclops!
The cyclops is almost dead.
The cyclops hits you!!
You die...

#.. #.# #.# #.# #.# #.# #.#
#.# ##### #.# ####.# ....
#.# #....# ###.#### #.#
#.#### .###......###
#C####### #.# .#...P.PP..P##
#@......# #.# ....P.P.P...P#
#######.# #.#
...P.P.......## #####.# #.#
...PP.P...P...# #.....# #.#
.PPP.##'#..P..####.#######.#
..P..#..#.....)............#
.P...#>.#.....####.#########
P....####PP.P.# #.#
...P.P.....PP.# #.#


You could see a cyclops.

Vanquished Creatures
  Pikel (D:4)
  An ugly thing (D:6)
  7 yaks (D:8)
  A vampire mosquito (D:6)
  A steam dragon (D:8)
  2 water moccasins
  3 black bears
  2 ice beasts
  2 sky beasts (D:7)
  An orc warrior (D:8)
  A necrophage (D:6)
  2 ogres
  A phantom (D:6)
  2 lemures (D:4)
  2 bullfrogs (D:8)
  3 scorpions
  A water moccasin zombie (D:5)
  3 water moccasin skeletons
  A howler monkey (D:7)
  8 electric eels (D:7)
  3 centaur zombies
  A bullfrog zombie (D:7)
  A gnoll shaman (D:7)
  6 hounds
  An orc priest (D:8)
  2 bullfrog skeletons
  2 iguanas
  An orc wizard (D:7)
  A killer bee zombie (D:6)
  A howler monkey zombie (D:7)
  4 gnolls (D:7)
  A howler monkey skeleton (D:6)
  10 adders
  A white imp (D:5)
  A worm (D:2)
  3 dart slugs
  21 orcs
  7 bats
  6 endoplasms
  2 giant cockroaches
  10 goblins
  9 hobgoblins
  10 jackals
  5 quokkas
  9 ball pythons
  2 frilled lizards (D:2)
  7 kobolds
  3 rats
175 creatures vanquished.

Vanquished Creatures (others)
  4 fungi (D:8)
  47 plants
51 creatures vanquished.

Grand Total: 226 creatures vanquished

Notes
Turn   | Place    | Note
-------+----------+-------------------------------------------
     0 | D:5      | voltaire321 the Octopode Delver began the quest for the
                  | Orb.
     0 | D:5      | Reached XP level 1. HP: 16/16 MP: 1/1
    42 | D:4      | Noticed an iguana
    52 | D:4      | Killed an iguana
    52 | D:4      | Noticed a scorpion
    53 | D:4      | Reached XP level 2. HP: 19/21 MP: 2/2
    53 | D:4      | Reached XP level 3. HP: 23/26 MP: 3/3
   179 | D:4      | Noticed a lemure
   179 | D:4      | Noticed a lemure
   224 | D:3      | Reached skill level 7 in Stealth
   508 | D:2      | Reached XP level 4. HP: 29/31 MP: 4/4
   726 | D:1      | Found a faded altar of an unknown god.
  2265 | D:3      | Noticed an ice beast
  2347 | D:3      | Reached XP level 5. HP: 37/37 MP: 5/5
  2455 | D:3      | Killed an ice beast
  2595 | D:3      | Reached XP level 6. HP: 43/43 MP: 6/6
  3259 | D:4      | Reached skill level 8 in Stealth
  3432 | D:4      | Identified the +8 hand axe of the Wraith {vorpal, Fragile
                  | rN+ Dex+4 Stlth+}
  3592 | D:4      | Noticed Pikel
  3790 | D:4      | Killed Pikel
  3791 | D:4      | Reached skill level 5 in Fighting
  3791 | D:4      | Reached skill level 9 in Stealth
  3791 | D:4      | Reached XP level 7. HP: 10/50 MP: 7/7
  3794 | D:4      | Reached XP level 8. HP: 3/55 MP: 8/8
  4430 | D:5      | Reached skill level 5 in Short Blades
  4430 | D:5      | Reached skill level 5 in Dodging
  4600 | D:5      | Found a broken altar of Ashenzari.
  4664 | D:5      | Found a staircase to the Ecumenical Temple.
  4673 | Temple   | Entered the Ecumenical Temple
  4686 | Temple   | Became a worshipper of Dithmenos the Shadowed
  4922 | D:5      | Found Hugaa's Assorted Antiques.
  5075 | D:5      | Reached skill level 1 in Invocations
  5319 | D:6      | HP: 2/57 [cloud of flame (18)]
  5336 | D:6      | HP: 1/57 [centaur zombie (2)]
  5692 | D:6      | Reached skill level 1 in Shields
  6367 | D:6      | Reached skill level 10 in Stealth
  6369 | D:6      | Reached XP level 9. HP: 25/62 MP: 10/10
  6626 | D:6      | Noticed a purple ugly thing
  6635 | D:6      | Identified the ring "Guttaps" {rN++ Will+ Str+4}
  7197 | D:6      | Killed a purple ugly thing
  7301 | D:7      | Reached * piety under Dithmenos
  8142 | D:7      | Reached skill level 11 in Stealth
  8144 | D:7      | Reached XP level 10. HP: 25/69 MP: 12/12
  8453 | D:7      | Found Pypsie's Book Boutique.
  9171 | D:8      | Reached ** piety under Dithmenos
  9183 | D:8      | Found a staircase to the Lair.
  9460 | D:8      | Noticed a cyclops
  9481 | D:8      | Slain by a cyclops

Illustrated notes

Levels and vault maps discovered:
D:1:      evilmike_arrival_fibonacci_small, layout_rooms,
          hellmonk_ecumenical_altar_heavens_door
D:2:      layout_basic, minmay_tall_x
D:3:      layout_basic
D:4:      layout_basic, grunt_tough_drop, uniq_pikel
D:5:      layout_loops_corners, lemuel_round_altar, minmay_temple_entry_slanted,
          serial_shops, kennysheep_mini
D:6:      layout_basic, hangedman_decor_opposing, grunt_potential
D:7:      layout_cave_pools, serial_bayou, serial_bayou_pond_d,
          serial_bayou_shore_b, serial_bayou_shore_a, serial_bayou_pond_c,
          serial_bayou_pond_a, serial_bayou_lagoon_b, serial_shops, shop_statue,
          serial_bayou_ford_a
D:8:      layout_loops_ring, grunt_lair_entry_orc_guard_hut,
          nrook_mini_backslash, uniq_grum, uniq_joseph
Temple:   regret_index_temple_sigil_plot

Skill      XL: |  1  2  3  4  5  6  7  8  9 10 |
---------------+-------------------------------+-----
Stealth        | 7 9 10 11 | 11.5
Short Blades   | 3 4 5 6 7 |  7.2
Dodging        | 3 4 5 6 7 |  7.1
Fighting       | 4 5 6 7 |  7.5
Invocations    | 1 3 4 |  4.8
Shields        | 1 3 4 |  4.5

Action                   |  1- 3 |  4- 6 |  7- 9 | 10-12 || total
-------------------------+-------+-------+-------+-------++-------
Melee: Short sword       |    21 |     9 |       |       ||    30
       Constrict         |     3 |    33 |    32 |    12 ||    80
       Tentacles         |     2 |    19 |    37 |    15 ||    73
       Rapier            |       |   120 |   150 |    65 ||   335
Throw: Dart              |       |       |    10 |       ||    10
       Boomerang         |       |       |     2 |       ||     2
Evoke: Wand              |       |     2 |     7 |     5 ||    14
  Use: Potion            |       |     2 |     2 |     2 ||     6
       Scroll            |       |       |     8 |       ||     8
 Stab: Sleeping          |     8 |    22 |    10 |     2 ||    42
       Distracted        |       |     1 |     1 |       ||     2
Armor: Skin              |     1 |     6 |     4 |     1 ||    12
Dodge: Dodged            |     9 |    80 |   101 |    27 ||   217
Block: Tower shield      |       |       |    76 |    36 ||   112

Table legend: (Time is in decaauts)
 A = Elapsed time spent in this place.
 B = Non-inter-level travel time spent in this place.
 C = Inter-level travel time spent in this place.
 D = Time resting spent in this place.
 E = Time spent auto-exploring this place.
 F = Levels seen in this place.
 G = Mean time per level.
                   A        B        C        D        E       F      G
               +--------+--------+--------+--------+--------+-----+--------+
         Total |   9525 |   9351 |    174 |   2882 |   4338 |   9 | 1058.3 |
       Dungeon |   9503 |   9329 |    174 |   2882 |   4327 |   8 | 1187.9 |
        Temple |     22 |     22 |      0 |      0 |     11 |   1 |   22.0 |
               +--------+--------+--------+--------+--------+-----+--------+

Top non-repeatable levels by time:
     D:6: 2116 daAuts
     D:7: 1297 daAuts
     D:2: 1286 daAuts
     D:5: 1245 daAuts
     D:4: 1185 daAuts
     D:3: 1138 daAuts
     D:8: 630 daAuts
     D:1: 602 daAuts
  Temple: 22 daAuts
